 Dungeon Crawl Stone Soup version 0.22-a0-417-g1387785 (webtiles) character file.

7889 Kairos the Cleaver (level 11, -13/84 HPs)
             Began as a Demonspawn Gladiator on May 14, 2018.
             Was an Elder of Okawaru.
             Mangled by Erolcha
             ... wielding a +5 giant club
              (19 damage)
             ... on level 11 of the Dungeon.
             The game lasted 00:28:08 (13654 turns).

Kairos the Cleaver (Demonspawn Gladiator)          Turns: 13654, Time: 00:28:09

Health: -13/84     AC: 17    Str: 17    XL:     11   Next: 2%
Magic:  0/12       EV:  8    Int: 10    God:    Okawaru [****..]
Gold:   811        SH:  6    Dex: 15    Spells: 10/10 levels left

rFire    + . .     SeeInvis .   a - +1 war axe
rCold    + . .     Gourm    .   A - +2 buckler
rNeg     . . .     Faith    .   S - +2 chain mail {rF+}
rPois    +         Spirit   +   (helmet restricted)
rElec    .         Reflect  .   N - +2 cloak
rCorr    .         Harm     .   (no gloves)
MR       .....                  (no boots)
Stlth    ..........             (no amulet)
HPRegen  0.24/turn              R - ring of protection from cold
MPRegen  0.13/turn              J - ring of poison resistance (curse)

@: very slightly contaminated, slowed, drained, very slow
A: horns 2, molten scales 1, powered by death 2, magic shield
a: Heroism, Renounce Religion


You were on level 11 of the Dungeon.
You worshipped Okawaru.
Okawaru was greatly pleased with you.
You were full.

You visited 2 branches of the dungeon, and saw 13 of its levels.

You collected 811 gold pieces.

Inventory:

Hand Weapons
 a - a +1 war axe (weapon)
 c - a +0 quarterstaff of crushing
 O - a +2 quarterstaff of chaos
Missiles
 d - 4 throwing nets (quivered)
Armour
 b - a +0 leather armour
 p - a +0 plate armour
 A - a +2 buckler (worn)
 D - the +3 salamander hide armour {+Rage rF++}
   (You found it on level 4 of the Dungeon)

   It greatly protects you from fire.
   It lets you go berserk.
 N - a +2 cloak (worn)
 S - a +2 chain mail of fire resistance (worn)
Jewellery
 i - an uncursed amulet of harm
 v - an uncursed ring of positive energy
 B - an uncursed ring of protection from fire
 J - a cursed ring of poison resistance (right hand)
 K - an uncursed ring of protection from fire
 R - a ring of protection from cold (left hand)
Wands
 t - a wand of polymorph (10)
 E - a wand of iceblast (10)
 L - a wand of flame (17)
 M - a wand of paralysis (10)
 P - a wand of clouds (6)
Scrolls
 e - a scroll of immolation
 h - a scroll of magic mapping {unknown}
 j - 7 scrolls of remove curse
 l - 5 scrolls of teleportation
 r - 2 scrolls of blinking
 u - 2 scrolls of fear
 w - a scroll of fog
 y - a scroll of amnesia {unknown}
 C - 3 scrolls of enchant armour
 I - a scroll of enchant weapon
Potions
 g - 2 potions of ambrosia
 k - a potion of cancellation
 m - 2 potions of agility {unknown}
 n - 2 potions of resistance
 o - 2 potions of heal wounds {unknown}
 q - a potion of berserk rage {unknown}
 s - a potion of mutation {unknown}
 x - 2 potions of haste
 z - a potion of curing
 F - a potion of lignification {unknown}
 G - a potion of might
 H - 3 potions of flight {unknown}
 Q - a potion of degeneration {unknown}
Comestibles
 f - 12 rations


   Skills:
 + Level 7.4(6.6) Fighting
 + Level 11.0(10.2) Axes
 + Level 1.9(1.3) Throwing
 + Level 6.2(5.5) Armour
 + Level 4.8(4.0) Dodging
 + Level 3.7(3.0) Stealth
 + Level 2.5(1.8) Shields
 + Level 0.4(0.0) Unarmed Combat
 + Level 1.0(0.4) Invocations
 + Level 2.1(1.4) Evocations


You had 10 spell levels left.
You didn't know any spells.
Your spell library contained the following spells:

 Spells                   Type           Power        Failure   Level  Hunger
 Apportation              Tloc           #.....       100%        1    ##.....
 Summon Small Mammal      Summ           #...         100%        1    ##.....
 Animate Skeleton         Necr           N/A          100%        1    ##.....
 Confusing Touch          Hex            #.....       100%        1    ##.....


Dungeon Overview and Level Annotations

Branches:
Dungeon (12/15)            Temple (1/1) D:7             Orc (0/2) D:10
   Lair: D:8-11

Altars:
Ashenzari
Cheibriados
Elyvilon
Fedhas
Kikubaaqudgha
Makhleb
Nemelex Xobeh
Okawaru
Qazlal
Ru
Sif Muna
Trog
Uskayaw
Vehumet
Wu Jian
Xom
Yredelemnul
Zin
The Shining One

Annotations:
D:11 Erolcha, Josephine


Innate Abilities, Weirdness & Mutations

You have a pair of horns on your head.
You are partially covered in molten scales. (AC +2)
You regenerate health from kills.
When hurt, damage is shared between your health and your magic reserves.


Message History

Press: ? - help, Dir - move target cursor
As you read the scroll of blinking, it crumbles to dust.
Found 21 bolts.
The adder bites you but does no damage. The adder bites you.
* * * LOW HITPOINT WARNING * * *
The adder bites you but does no damage. The adder barely misses you.
The adder bites you but does no damage. You block Erolcha's attack.
Erolcha screams, "Lunch!"
The phantom blinks!
You block the adder's attack.
Erolcha hits you with an enchanted giant club!
* * * LOW HITPOINT WARNING * * *
The adder bites you but does no damage.
Erolcha tries to grin evilly.
Erolcha closely misses you.
There is a stone staircase leading up here.
The adder bites you but does no damage.
Erolcha hits you with an enchanted giant club!!
You die...

.......................
............#..........
............#.....(....
................#.W.#.
#........@...#...@...
#..$...W...$.##(..D..
#.........#..#....W..
####?)..S..W..........5.
.......@OW..............
..#.....................
#......./.............
........%......#..)...##
###.##....?#...#....####
#. #######...(..#.{.## #
#......#...D.C.
#>.D.#######.(. #..#.##
###.


You could see Josephine, Erolcha, a phantom, 2 wraiths and an adder.

Vanquished Creatures
  A centaur warrior (D:9)
  2 two-headed ogres
  A cyclops (D:6)
  A vampire (D:12)
  4 yaks (D:10)
  2 hungry ghosts
  Duvessa (D:4)
  6 orc warriors
  A black bear (D:8)
  An ice beast (D:8)
  4 sky beasts
  4 ogres
  2 crocodiles
  3 centaurs
  A big kobold (D:10)
  4 bullfrogs
  A gnoll sergeant (D:10)
  5 scorpions
  Dowan (D:4)
  11 killer bees
  2 crimson imps (D:6)
  A centaur zombie (D:8)
  A bullfrog zombie (D:12)
  2 jellies
  6 orc priests
  2 hounds
  2 centaur skeletons
  11 orc wizards
  Crazy Yiuf (D:7)
  Ijyb (D:3)
  8 worker ants
  A hound zombie (D:10)
  A howler monkey zombie (D:6)
  2 worker ant zombies
  Robin (D:3)
  8 gnolls
  9 adders
  4 shadow imps
  3 oozes
  3 adder skeletons
  3 worms
  4 dart slugs
  7 leopard geckos
  47 orcs
  A ball python (D:1)
  7 bats
  6 giant cockroaches
  13 goblins
  8 hobgoblins
  15 jackals
  4 quokkas
  6 frilled lizards
  15 kobolds
  A quokka skeleton (D:4)
  3 quokka zombies
  8 rats
273 creatures vanquished.

Vanquished Creatures (others)
  A kobold (D:10)
1 creature vanquished.

Grand Total: 274 creatures vanquished

Notes
Turn   | Place    | Note
-------+----------+-------------------------------------------
     0 | D:1      | Kairos the Demonspawn Gladiator began the quest for the Orb.
     0 | D:1      | Reached XP level 1. HP: 16/16 MP: 1/1
    55 | D:1      | Gained mutation: You regenerate a little health from kills. [demonic ancestry]
    55 | D:1      | Reached XP level 2. HP: 12/22 MP: 2/2
   235 | D:1      | Reached skill level 3 in Axes
   295 | D:1      | Gained mutation: You regenerate health from kills. [demonic ancestry]
   295 | D:1      | Reached XP level 3. HP: 10/27 MP: 3/3
   833 | D:2      | Reached skill level 1 in Armour
   952 | D:2      | Reached XP level 4. HP: 34/34 MP: 4/4
  1080 | D:2      | Found a radiant altar of Vehumet.
  1338 | D:2      | Found a glowing silver altar of Zin.
  1339 | D:2      | Noticed an angel
  1585 | D:3      | Noticed Robin
  1601 | D:3      | Killed Robin
  1787 | D:3      | Noticed Ijyb
  1825 | D:3      | Reached skill level 4 in Axes
  1840 | D:3      | Killed Ijyb
  1840 | D:3      | Gained mutation: You have a pair of small horns on your head. [demonic ancestry]
  1840 | D:3      | Reached XP level 5. HP: 40/40 MP: 5/5
  2617 | D:4      | Found the +3 salamander hide armour {+Rage rF++}
  2747 | D:4      | Noticed Duvessa
  2750 | D:4      | Noticed Dowan
  2758 | D:4      | Killed Dowan
  2758 | D:4      | Reached XP level 6. HP: 5/47 MP: 6/6
  2759 | D:4      | Killed Duvessa
  2759 | D:4      | Reached skill level 5 in Axes
  3655 | D:5      | Entered Level 5 of the Dungeon
  3716 | D:5      | Noticed an orc warrior
  3772 | D:4      | Reached XP level 7. HP: 24/53 MP: 7/7
  4429 | D:5      | Reached skill level 6 in Axes
  4437 | D:5      | Reached skill level 1 in Evocations
  5987 | D:5      | Reached skill level 1 in Stealth
  5987 | D:5      | Gained mutation: When hurt, damage is shared between your health and your magic reserves. [demonic ancestry]
  5987 | D:5      | Reached XP level 8. HP: 41/60 MP: 8/8
  6227 | D:6      | Found a sacrificial altar of Ru.
  6265 | D:6      | Reached skill level 7 in Axes
  6265 | D:6      | Reached skill level 1 in Shields
  6518 | D:6      | Noticed a cyclops
  6730 | D:6      | Killed a cyclops
  6730 | D:6      | Reached skill level 5 in Fighting
  6730 | D:6      | Gained mutation: You have a pair of horns on your head. [demonic ancestry]
  6730 | D:6      | Reached XP level 9. HP: 68/68 MP: 10/10
  6739 | D:6      | Reached skill level 8 in Axes
  8154 | D:7      | Found a staircase to the Ecumenical Temple.
  8219 | Temple   | Entered the Ecumenical Temple
  8304 | Temple   | Became a worshipper of Warmaster Okawaru
  8405 | D:7      | Found a runed door.
  8523 | D:7      | Found a shimmering altar of Xom.
  8582 | D:7      | Found a bloodstained altar of Trog.
  8626 | D:7      | Found a sparkling altar of Nemelex Xobeh.
  8992 | D:7      | Noticed Crazy Yiuf
  8996 | D:7      | Killed Crazy Yiuf
  9347 | D:8      | Reached skill level 9 in Axes
  9724 | D:8      | Reached * piety under Okawaru
  9914 | D:8      | Noticed a two-headed ogre
  9929 | D:8      | Killed a two-headed ogre
  9929 | D:8      | Reached ** piety under Okawaru
  9929 | D:8      | Reached XP level 10. HP: 40/77 MP: 6/11
 11016 | D:9      | Reached skill level 5 in Armour
 11165 | D:9      | Noticed a centaur warrior
 11184 | D:9      | Killed a centaur warrior
 11184 | D:9      | Reached *** piety under Okawaru
 11184 | D:9      | Reached skill level 10 in Axes
 11822 | D:9      | Found a glowing golden altar of the Shining One.
 11822 | D:9      | Noticed a two-headed ogre
 11833 | D:9      | Killed a two-headed ogre
 12296 | D:10     | Entered Level 10 of the Dungeon
 12503 | D:10     | Reached **** piety under Okawaru
 12843 | D:10     | Reached skill level 1 in Invocations
 12966 | D:10     | Found a staircase to the Orcish Mines.
 13103 | D:11     | Noticed Josephine
 13108 | D:10     | You fall through a shaft for 2 floors!
 13225 | D:12     | Reached skill level 11 in Axes
 13551 | D:12     | Gained mutation: You are partially covered in molten scales. (AC +2) [demonic ancestry]
 13551 | D:12     | Reached XP level 11. HP: 83/84 MP: 9/12
 13604 | D:11     | Noticed a six-headed hydra
 13616 | D:11     | Noticed Erolcha
 13654 | D:11     | Mangled by Erolcha

Vault maps used:
D:1:      evilmike_arrival_crescent, minmay_vboxes
D:2:      zin_angel, nicolae_overflow_hidden_temple
D:3:      first_ration, uniq_ijyb, uniq_robin
D:4:      uniq_duvessa
D:5:      moated_statue
D:6:      kennysheep_mini_moat, kennysheep_nub
D:7:      old_standard_altar, kennysheep_mini, minmay_temple_entry_statues,
          serial_glass, glass_columns_b, glass_columns_a, basic_altar,
          uniq_crazy_yiuf_cottage
D:8:      grunt_ogre_cave
D:9:      nicolae_tso_swordbearing_angel, kennysheep_generic_room_16
D:10:     hiddenorc1_lemuel
D:11:     lair_entry_dummy, nicolae_trove_entry_path_of_doom, uniq_erolcha,
          uniq_josephine
Temple:   regret_index_temple_sphere_string

Skill      XL: |  1  2  3  4  5  6  7  8  9 10 |
---------------+-------------------------------+-----
Dodging        | 3 4 |  4.8
Axes           | 3 4 5 6 7 9 11 | 11.0
Armour         | 1 2 3 4 6 |  6.2
Fighting       | 3 4 5 6 7 |  7.4
Evocations     | 1 2 |  2.1
Stealth        | 1 2 3 |  3.7
Shields        | 1 2 |  2.5
Invocations    | 1 |  1.0
Throwing       | |  1.9
Unarmed Combat | |  0.4

Action                   |  1- 3 |  4- 6 |  7- 9 | 10-12 || total
-------------------------+-------+-------+-------+-------++-------
Melee: War axe           |   129 |   151 |   359 |   282 ||   921
       Unarmed           |       |     6 |       |       ||     6
       Headbutt          |       |    12 |    64 |    54 ||   130
Invok: Heroism           |       |       |       |    12 ||    12
 Abil: Evoke Berserk Rag |       |     2 |     5 |       ||     7
Evoke: Wand              |       |       |     2 |     3 ||     5
  Use: Scroll            |       |       |     8 |    10 ||    18
       Potion            |       |       |       |     3 ||     3
 Stab: Sleeping          |     1 |     1 |       |       ||     2
       Confused          |       |     1 |       |       ||     1
       Paralysed         |       |       |     5 |     3 ||     8
  Eat: Chunk             |       |     6 |     6 |     8 ||    20
       Ration            |       |     1 |     7 |     3 ||    11
Armor: Leather armour    |    56 |    12 |    57 |       ||   125
       Plate armour      |       |    77 |   108 |    98 ||   283
       Chain mail        |       |       |       |    53 ||    53
Dodge: Dodged            |   130 |    59 |   192 |    96 ||   477
Block: Buckler           |       |    12 |    60 |    96 ||   168

Table legend:
 A = Spawn XP
 B = Non-spawn XP
 C = Spawn XP percentage of total XP
 D = Spawn monster count
 E = Non-spawn monster count
 F = Spawn count percentage of total count
 G = Total turns spent on level
                    A         B        C        D         E        F      G
               +---------+---------+-------+---------+---------+-------+---------
         Total |       0 |   11271 |   0.0 |       0 |     274 |   0.0 | 13654
               +---------+---------+-------+---------+---------+-------+---------
           D:1 |       0 |      67 |   0.0 |       0 |      35 |   0.0 |   674
           D:2 |       0 |      31 |   0.0 |       0 |      16 |   0.0 |   757
           D:3 |       0 |     163 |   0.0 |       0 |      34 |   0.0 |   966
           D:4 |       0 |     484 |   0.0 |       0 |      13 |   0.0 |  1655
           D:5 |       0 |     708 |   0.0 |       0 |      28 |   0.0 |  2151
           D:6 |       0 |    1755 |   0.0 |       0 |      34 |   0.0 |  1748
           D:7 |       0 |     296 |   0.0 |       0 |       6 |   0.0 |   994
           D:8 |       0 |    2462 |   0.0 |       0 |      33 |   0.0 |  1665
           D:9 |       0 |    2267 |   0.0 |       0 |      19 |   0.0 |  1590
          D:10 |       0 |    2188 |   0.0 |       0 |      46 |   0.0 |   810
          D:12 |       0 |     850 |   0.0 |       0 |      10 |   0.0 |   495
               +---------+---------+-------+---------+---------+-------+---------
